 Dungeon Crawl Stone Soup version 0.31-a0-691-g409c26aa35 (webtiles) character file.

Game seed: 10017511196587983225

89 Zonian the Covered (level 4, -5/40 HPs)
             Began as an Armataur Fighter on Sept 6, 2023.
             Killed by nerve-wracking pain
             ... invoked by Jessica
              (13 damage)
             ... on level 2 of the Dungeon.
             The game lasted 00:03:36 (827 turns).

Zonian the Covered (Armataur Fighter)                Turns: 827, Time: 00:03:36

Health: -5/40      AC:  0    Str: 24    XL:     4   Next: 31%
Magic:  4/4        EV: 17    Int:  8    God:
Gold:   109        SH:  0    Dex: 14    Spells: 3/3 levels left

rFire   . . .        a - melded +0 long sword
rCold   . . .        c - melded +0 buckler
rNeg    . . .        l - melded +0 chain mail
rPois   .            (helmet currently unavailable)
rElec   .            (cloak currently unavailable)
rCorr   .            (gloves currently unavailable)
SInv    .            (no barding)
Will    .....        (no amulet)
Stlth   +            (ring currently unavailable)
HPRegen 0.26/turn    (ring currently unavailable)
MPRegen 0.09/turn

%: roll
@: bat-form, flying, very quick
A: fast, flying, no casting, tiny, rugged brown scales 3, (deformed body),
(armoured tail), roll, long tongue, awkward tongue
a: no special abilities


You were on level 2 of the Dungeon.
You were a bat.
You visited 1 branch of the dungeon, and saw 2 of its levels.

You collected 109 gold pieces.

Inventory:

Hand Weapons
 a - a +0 long sword (melded)
Missiles
 m - a silver javelin
Armour
 b - a +0 scale mail
 c - a +0 buckler (melded)
 l - a +0 chain mail (melded)
Scrolls
 e - a scroll of enchant weapon {unknown}
 i - a scroll of acquirement {unknown}
 k - a scroll of teleportation {unknown}
Potions
 d - a potion of might
 f - 3 potions of curing
 g - a potion of cancellation {unknown}
 h - a potion of brilliance {unknown}
 j - a potion of ambrosia {unknown}
 n - 2 potions of invisibility {unknown}


   Skills:
 + Level 3.3 Fighting
 + Level 2.6 Long Blades
 + Level 4.4 Armour
 + Level 4.0 Shields


You had 3 spell levels left.
You didn't know any spells.
Your spell library contained the following spells:

 Spells                   Type           Power      Damage    Failure   Level
 Slow                     Hex            0%         N/A       41%         1
 Confusing Touch          Hex            0%         N/A       78%         3
 Vampiric Draining        Necr           0%         2d6       78%         3


Dungeon Overview and Level Annotations

Branches:
Dungeon (2/15)

Altars:

Annotations:
D:2 Jessica


Innate Abilities, Weirdness & Mutations

You are a bat.
You are tiny and dextrous.
You move quickly.
You are flying.
Your equipment is almost entirely melded.
You are incapable of wielding weapons or throwing items.
You cannot cast spells.
(You are completely covered in rugged brown scales. (AC +3, +7% HP))
((Armour fits poorly on your strangely shaped body.))
((You have a long armoured tail.))
You roll when moving toward enemies. (Rampage)
Your long tongue fully drains potion bottles. (2x potion effects)
Your tongue gives you trouble enunciating. (1.5x scroll delay)


Message History

Unknown command.
You hit the hobgoblin.
Your tail-slap misses the hobgoblin.
The hobgoblin is moderately wounded.
The hobgoblin barely misses you.
You closely miss the hobgoblin.
The hobgoblin is moderately wounded.
The hobgoblin hits you.
Unknown command.
You hit the hobgoblin.
You kill the hobgoblin!
You hit Robin but do no damage. Robin closely misses you. x2
You barely miss Robin.
Your tail-slap misses Robin.
Jessica gestures wildly while chanting.
Jessica seems to speed up.
Robin hits you but does no damage.
You slash Robin!
Robin is heavily wounded.
Jessica casts a spell.
Jessica blinks!
You block Robin's attack.
You slash Robin!
You kill Robin!
Your Shields skill increases to level 4!
Unknown command.
You roll towards Jessica!
Jessica casts a spell at you. Pain shoots through your body!
Things that are here:
a +0 dagger; a +0 dagger; a +0 dagger You roll towards Jessica!
You closely miss Jessica. Jessica hits you but does no damage.
Jessica gestures at you while chanting. Pain shoots through your body!
* * * LOW HITPOINT WARNING * * *
You hit Jessica but do no damage.
Your tail-slap misses Jessica.
Jessica zaps a wand.
You turn into a bat.
Your +0 long sword melds into your body.
Your +0 buckler melds into your body.
Your +0 chain mail melds into your body.
Jessica casts a spell at you. Pain shoots through your body!
You die...

# ####...# #......###...###.#
#######....## ...#.<#...........#
#..........#. .# ##.....####.##.#
†.## ####.... ####........# ...#
###....## #..###.#...
.#............#### ##.....#..# .#
..............# #....##..##
.........>.......#######...##....
...#####....(..@b))).###.#..##...
...# #g#.#########).#..#.......
...# ##....##...... .....
#....>#...... ...## #.###........
...# #.# ###...... ...# #.#
#...... ...# #.# #...... .## ..#
#....##


You could see Jessica (fast).

Vanquished Creatures
  Robin (D:2)
  2 adders (D:2)
  A worm (D:2)
  A dart slug (D:2)
  3 endoplasms
  3 giant cockroaches
  14 goblins
  11 hobgoblins
  2 quokkas
  2 ball pythons (D:2)
  2 bats (D:1)
  2 frilled lizards (D:1)
  3 kobolds
  2 rats
49 creatures vanquished.

Notes
Turn   | Place    | Note
-------+----------+-------------------------------------------
     0 | D:1      | Zonian the Armataur Fighter began the quest for the Orb.
     0 | D:1      | Reached XP level 1. HP: 19/19 MP: 1/1
   110 | D:1      | Reached XP level 2. HP: 26/26 MP: 2/2
   487 | D:2      | Reached XP level 3. HP: 33/33 MP: 3/3
   659 | D:2      | Noticed a great orb of eyes
   661 | D:2      | Found a faded altar of an unknown god.
   663 | D:2      | Noticed a floating eye
   679 | D:2      | Noticed a great orb of eyes
   679 | D:2      | Noticed an eye of devastation
   780 | D:2      | Noticed Robin
   791 | D:2      | Noticed Jessica
   792 | D:2      | Reached XP level 4. HP: 34/40 MP: 4/4
   824 | D:2      | Killed Robin
   827 | D:2      | Killed from afar by Jessica

Illustrated notes

Levels and vault maps discovered:
D:1:      saegor_arrival_simple_e, layout_rooms
D:2:      layout_rooms, hellmonk_ecumenical_altar_watching_god, uniq_robin,
          uniq_sigmund, uniq_jessica

Skill      XL: |  1  2  3  4 |
---------------+-------------+-----
Long Blades    | 2 |  2.6
Armour         | 4 |  4.4
Fighting       | 3 |  3.3
Shields        | 4 |  4.0

Action                     |  1- 3 |  4- 6 || total
---------------------------+-------+-------++-------
  Melee: Long sword        |   101 |    33 ||   134
         Tailslap          |    11 |     2 ||    13
  Throw: Javelin           |       |     1 ||     1
    Use: Scroll            |     1 |       ||     1
 Armour: Scale mail        |    78 |       ||    78
         Chain mail        |    17 |    26 ||    43
  Dodge: Dodged            |    38 |    11 ||    49
  Block: Buckler           |    20 |     4 ||    24

Table legend: (Time is in decaauts)
 A = Elapsed time spent in this place.
 B = Non-inter-level travel time spent in this place.
 C = Inter-level travel time spent in this place.
 D = Time resting spent in this place.
 E = Time spent auto-exploring this place.
 F = Levels seen in this place.
 G = Mean time per level.
                   A        B        C        D        E       F      G
               +--------+--------+--------+--------+--------+-----+--------+
         Total |    871 |    860 |     11 |      0 |    520 |   2 |  435.5 |
       Dungeon |    871 |    860 |     11 |      0 |    520 |   2 |  435.5 |
               +--------+--------+--------+--------+--------+-----+--------+

Top non-repeatable levels by time:
     D:1: 455 daAuts
     D:2: 415 daAuts
